 Dungeon Crawl Stone Soup version 0.30-a0-782-ge64f9170bb (webtiles) character file.

Game seed: 17587365074857478912

1113 Conn the Sneak (level 8, -5/47 HPs)
             Began as an Octopode Fire Elementalist on Feb 22, 2023.
             Slain by a vampire mosquito (12 damage)
             ... on level 5 of the Dungeon.
             The game lasted 00:20:59 (5429 turns).

Conn the Sneak (Octopode Fire Elementalist)         Turns: 5429, Time: 00:20:59

Health: -5/47      AC:  1    Str:  6 (7)  XL:     8   Next: 33%
Magic:  10/15      EV: 13    Int: 17 (20) God:
Gold:   386        SH:  0    Dex:  9 (12) Spells: 3/16 levels left

rFire   + . .      SeeInvis .    f - +0 dagger
rCold   . . .      Faith    .    (no shield)
rNeg    . . .      Spirit   .    (helmet restricted)
rPois   .          Reflect  .    j - amulet of regeneration
rElec   .          Harm     .    q - ring of willpower
rCorr   .          Rampage  .    (no ring)
Will    .....                    (no ring)
Stlth   ++                       (no ring)
HPRegen 1.07/turn                (no ring)
MPRegen 0.14/turn                (no ring)
                                 (no ring)
                                 (no ring)

@: confused, mighty, brilliant, weak-willed, ambrosia-drunk, hasted, very quick
A: almost no armour, amphibious, 8 rings, camouflage 1, gelatinous body 1,
(nimble swimmer 1), tentacles, fire resistance 1, sense surroundings 1
a: no special abilities


You were on level 5 of the Dungeon.
You visited 2 branches of the dungeon, and saw 6 of its levels.

You collected 386 gold pieces.

Inventory:

Hand Weapons
 f - a +0 dagger (weapon)
Missiles
 x - a throwing net (quivered)
Magical Staves
 p - a staff of cold
 y - a staff of air
Jewellery
 j - an amulet of regeneration (around mantle)
 q - a ring of willpower (left tentacle)
Wands
 n - a wand of polymorph (2)
 o - a wand of flame (15)
Scrolls
 d - a scroll of fog
 e - a scroll of poison
 g - a scroll of magic mapping
 l - 3 scrolls of teleportation
 m - a scroll of amnesia
 r - a scroll of immolation
 s - a scroll of vulnerability
 v - a scroll of noise {unknown}
 w - a scroll of enchant armour {unknown}
 A - a scroll of blinking {unknown}
 B - a scroll of enchant weapon {unknown}
Potions
 a - a potion of magic
 c - 2 potions of curing
 i - a potion of mutation
 k - a potion of haste
 t - 2 potions of might


   Skills:
 + Level 0.4 Fighting
 + Level 0.2 Short Blades
 + Level 2.3 Dodging
 + Level 5.8 Stealth
 + Level 4.9 Spellcasting
 + Level 4.1 Conjurations
 + Level 0.6 Hexes
 + Level 5.6 Fire Magic
 * Level 2.4 Ice Magic
 + Level 0.6 Evocations


You had 3 spell levels left.
You knew the following spells:

 Your Spells              Type           Power      Damage    Failure   Level
a - Foxfire               Conj/Fire      100%       2x1d9     1%          1
b - Flame Wave            Conj/Fire      31%        2d9       19%         4
c - Inner Flame           Hex/Fire       22%        N/A       12%         3
d - Hailstorm             Conj/Ice       23%        3d7       11%         3
e - Scorch                Fire           70%        2d9       2%          2

Your spell library contained the following spells:

 Spells                   Type           Power      Damage    Failure   Level
 Freeze                   Ice            72%        1d8       5%          1
 Apportation              Tloc           12%        N/A       14%         1
 Frozen Ramparts          Ice            36%        1d6       16%         3
 Kindle Blastsparks       Fire/Tloc/Air  30%        2d12      21%         3
 Alistair's Intoxication  Tmut/Pois      4%         N/A       99%         5


Dungeon Overview and Level Annotations

Branches:
Dungeon (5/15)             Temple (1/1) D:4

Altars:
Cheibriados
Dithmenos
Elyvilon
Fedhas
Gozag
Hepliaklqana
Kikubaaqudgha
Makhleb
Nemelex Xobeh
Okawaru
Ru
Trog
Uskayaw
Vehumet
Wu Jian
Xom
Yredelemnul
Zin
The Shining One

Shops:
D:1 :   D:4 *

Annotations:
D:5 1 runed translucent door


Innate Abilities, Weirdness & Mutations

You cannot wear most types of armour.
You are amphibious.
You can wear up to eight rings at the same time.
Your skin changes colour to match your surroundings (Stealth+).
Your rubbery body absorbs attacks. (AC +1, EV +1)
((You are camouflaged when in or above water. (Stealth+)))
You have tentacles for arms and can constrict up to eight enemies at once.
Your flesh is heat resistant. (rF+)
You passively map a small area around you.


Message History

Okay, then.
Unknown command.
Okay, then.
Okay, then.
Unknown command.
Unknown command.
Unknown command.
Throw: 2 throwing nets
Press: ? - help, Q - select action, (/) - cycle Shift-Dir - straight line, f - vampire mosquito
Aim: a vampire mosquito (35% to hit)
You throw a throwing net.
The throwing net barely misses the vampire mosquito.
The throwing net misses the killer bee.
The vampire mosquito bites you!
* * * LOW HITPOINT WARNING * * *
The vampire mosquito draws strength from your injuries!
Okay, then.
Okay, then.
Unknown command.
Unknown command.
Okay, then.
It was a potion of might.
You feel very mighty all of a sudden. The vampire mosquito barely misses you.
It was a potion of ambrosia.
You are confused.
You feel invigorated. The killer bee closely misses you.
The vampire mosquito barely misses you. The killer bee stings you!
* * * LOW HITPOINT WARNING * * *
It was a potion of degeneration.
There was something very wrong with that liquid.
You feel weakened.
You feel dopey.
You feel clumsy.
The vampire mosquito completely misses you.
The killer bee barely misses you. The vampire mosquito barely misses you.
It was a potion of brilliance.
You feel clever all of a sudden. The killer bee stings you!
* * * LOW HITPOINT WARNING * * *
The vampire mosquito bites you!
You die...

....###.........# ##.#
.### ####.....## #.#
####### #.## ##### #..#
##...####.#
##......##.# *
#..........##
########'########..###
#...sy@.........#....##
#....y..........#......
*
#...s#######....#......
*
#...s#b.b..#....#......
#....††s(..+....#...###
#(...#.....#....#....#*
#....#######....#....#
#...............#....#
#...............#...#.#


You could see a vampire mosquito, 3 scorpions and a killer bee.

Vanquished Creatures
  Sigmund (D:2)
  A phantom (D:5)
  A necrophage (D:5)
  3 scorpions (D:5)
  A killer bee (D:5)
  2 hounds (D:5)
  A jelly (D:5)
  4 orc priests (D:4)
  Jessica (D:2)
  3 iguanas
  An orc wizard (D:4)
  Robin (D:2)
  4 gnolls (D:3)
  8 adders
  2 ufetubi
  3 worms
  3 dart slugs
  8 orcs
  6 ball pythons
  8 endoplasms
  7 giant cockroaches
  15 goblins
  6 hobgoblins
  4 jackals (D:1)
  2 quokkas
  7 bats
  3 frilled lizards
  9 kobolds
  3 rats (D:3)
  2 butterflies (D:5)
120 creatures vanquished.

Vanquished Creatures (others)
  299 foxfires
299 creatures vanquished.

Grand Total: 419 creatures vanquished

Notes
Turn   | Place    | Note
-------+----------+-------------------------------------------
     0 | D:1      | Conn the Octopode Fire Elementalist began the quest for the
                  | Orb.
     0 | D:1      | Reached XP level 1. HP: 11/11 MP: 3/3
   120 | D:1      | Reached XP level 2. HP: 17/17 MP: 1/5
   383 | D:1      | Found Qomox's Book Shop.
   677 | D:1      | Reached XP level 3. HP: 21/21 MP: 2/6
   680 | D:1      | Learned a level 2 spell: Scorch
   684 | D:1      | Learned a level 3 spell: Inner Flame
  1367 | D:2      | Noticed Jessica
  1370 | D:2      | Killed Jessica
  1371 | D:2      | Reached XP level 4. HP: 14/27 MP: 0/7
  1574 | D:2      | Noticed Robin
  1655 | D:2      | Noticed Sigmund
  1931 | D:2      | Killed Robin
  2315 | D:2      | Killed Sigmund
  2316 | D:2      | Reached XP level 5. HP: 31/31 MP: 2/10
  2316 | D:2      | Reached XP level 6. HP: 36/36 MP: 2/11
  2916 | D:3      | Found a faded altar of an unknown god.
  3713 | D:4      | Reached skill level 5 in Fire Magic
  3713 | D:4      | Reached XP level 7. HP: 41/41 MP: 6/12
  3756 | D:4      | Found Jozxirph's Assorted Antiques.
  3863 | D:4      | Gained mutation: You passively map a small area around you.
                  | [potion of mutation]
  3863 | D:4      | Gained mutation: Your flesh is heat resistant. (rF+)
                  | [potion of mutation]
  4496 | D:4      | Found a staircase to the Ecumenical Temple.
  4501 | Temple   | Entered the Ecumenical Temple
  4501 | Temple   | Found a transporter.
  4501 | Temple   | Found a transporter.
  4503 | Temple   | Found a transporter.
  4503 | Temple   | Found a transporter.
  4763 | D:4      | Reached skill level 5 in Stealth
  4884 | D:4      | Learned a level 4 spell: Flame Wave
  4925 | D:5      | Entered Level 5 of the Dungeon
  4968 | D:5      | Learned a level 3 spell: Hailstorm
  5242 | D:5      | Reached skill level 1 in Ice Magic
  5242 | D:5      | Reached XP level 8. HP: 47/47 MP: 8/14
  5335 | D:5      | Found a runed translucent door.
  5353 | D:5      | Found a runed translucent door.
  5429 | D:5      | Slain by a vampire mosquito

Illustrated notes

Levels and vault maps discovered:
D:1:      matt_arrival_los_fun, layout_loops_cross, serial_shops, shop
D:2:      layout_loops_ring, uniq_jessica, uniq_sigmund, uniq_robin
D:3:      minmay_octagon_keep, layout_loops_ring,
          chequers_ecumenical_altar_twisty, minmay_misc_feat_tiny,
          minmay_stone_trees_large, minivault_14
D:4:      layout_loops_ring, minmay_temple_entry_nine_rooms, serial_shops,
          nicolae_shop_advertising_works [nicolae_subvault_shop_adworks],
          kennysheep_orc_chapel
D:5:      lemuel_insect_pit, layout_cave_pods, serial_column_ruins,
          column_ruins_temple_hut, column_ruins_corridor_straight,
          column_ruins_open_medium, column_ruins_corridor_corner,
          column_ruins_open_medium, column_ruins_columns_straight
Temple:   hellmonk_temple_divided_pantheon

Skill      XL: |  1  2  3  4  5  6  7  8 |
---------------+-------------------------+-----
Stealth        | 3 4 5 |  5.8
Conjurations   | 2 3 4 |  4.1
Spellcasting   | 3 4 |  4.9
Fire Magic     | 4 5 |  5.6
Ice Magic      | 1 2 |  2.4
Fighting       | |  0.4
Short Blades   | |  0.2
Dodging        | |  2.3
Hexes          | |  0.6
Evocations     | |  0.6

Action                     |  1- 3 |  4- 6 |  7- 9 || total
---------------------------+-------+-------+-------++-------
  Melee: Dagger            |     3 |    12 |    17 ||    32
         Tentacles         |     1 |       |     6 ||     7
         Constrict         |       |     1 |     5 ||     6
         Punch             |       |       |     1 ||     1
  Throw: Throwing net      |       |       |     1 ||     1
   Cast: Foxfire           |    45 |    83 |    55 ||   183
         Scorch            |     3 |    12 |     8 ||    23
         Inner Flame       |       |     2 |     4 ||     6
         Flame Wave        |       |       |     2 ||     2
  Evoke: Wand              |       |     4 |     3 ||     7
    Use: Scroll            |       |     1 |     7 ||     8
         Potion            |       |       |     7 ||     7
   Stab: Sleeping          |     2 |     6 |     3 ||    11
 Armour: Skin              |       |     2 |     4 ||     6
  Dodge: Dodged            |     1 |    20 |    23 ||    44

Table legend: (Time is in decaauts)
 A = Elapsed time spent in this place.
 B = Non-inter-level travel time spent in this place.
 C = Inter-level travel time spent in this place.
 D = Time resting spent in this place.
 E = Time spent auto-exploring this place.
 F = Levels seen in this place.
 G = Mean time per level.
                   A        B        C        D        E       F      G
               +--------+--------+--------+--------+--------+-----+--------+
         Total |   5420 |   5338 |     82 |    176 |   3740 |   6 |  903.3 |
       Dungeon |   5378 |   5296 |     82 |    176 |   3740 |   5 | 1075.6 |
        Temple |     41 |     41 |      0 |      0 |      0 |   1 |   41.0 |
               +--------+--------+--------+--------+--------+-----+--------+

Top non-repeatable levels by time:
     D:2: 1313 daAuts
     D:3: 1287 daAuts
     D:4: 1186 daAuts
     D:1: 1099 daAuts
     D:5: 492 daAuts
  Temple: 41 daAuts
